 Dungeon Crawl Stone Soup version 0.29.1-12-g30fa7ad0bf (webtiles) character file.

Game seed: 4813206568165148341

178 Rambler the Trooper (level 5, -1/47 HPs)
             Began as a Minotaur Fighter on Jan 13, 2023.
             Killed by divine providence
             ... invoked by an orc priest
              (10 damage)
             ... on level 4 of the Dungeon.
             The game lasted 00:08:31 (2681 turns).

Rambler the Trooper (Minotaur Fighter)              Turns: 2681, Time: 00:08:32

Health: -1/47      AC: 12    Str: 22    XL:     5   Next: 32%
Magic:  4/4        EV:  6    Int:  5    God:
Gold:   131        SH:  4    Dex: 10    Spells: 4/4 levels left

rFire   . . .      SeeInvis .   a - +0 war axe
rCold   . . .      Faith    .   c - +0 buckler
rNeg    . . .      Spirit   .   r - +0 plate armour
rPois   .          Reflect  .   (helmet restricted)
rElec   .          Harm     .   (no cloak)
rCorr   .          Rampage  .   (no gloves)
Will    .....                   (no boots)
Stlth   ..........              (no amulet)
HPRegen 0.15/turn               (no ring)
MPRegen 0.09/turn               (no ring)

@: no status effects
A: horns 2, retaliatory headbutt
a: no special abilities


You were on level 4 of the Dungeon.
You visited 1 branch of the dungeon, and saw 4 of its levels.

You collected 131 gold pieces.

Inventory:

Hand Weapons
 a - a +0 war axe (weapon)
 u - a +0 battleaxe
Armour
 b - a +0 scale mail
 c - a +0 buckler (worn)
 r - a +0 plate armour (worn)
Jewellery
 w - a ring of flight
 x - a ring of positive energy
Wands
 t - a wand of iceblast (5)
Scrolls
 f - 3 scrolls of fear {unknown}
 g - 2 scrolls of identify {unknown}
 h - 2 scrolls of teleportation {unknown}
 i - a scroll of vulnerability {unknown}
 j - a scroll of butterflies {unknown}
 k - 3 scrolls of immolation {unknown}
 l - a scroll of enchant armour {unknown}
 m - 3 scrolls of magic mapping {unknown}
 n - a scroll of silence {unknown}
 o - a scroll of amnesia {unknown}
 v - a scroll of blinking {unknown}
Potions
 d - a potion of might
 e - 3 potions of curing {unknown}
 p - 2 potions of invisibility {unknown}
 q - a potion of brilliance {unknown}
 s - a potion of resistance {unknown}


   Skills:
 + Level 4.8 Fighting
 + Level 3.9 Axes
 + Level 4.8 Armour
 + Level 4.8 Shields


You had 4 spell levels left.
You didn't know any spells.
Your spell library contained the following spells:

 Spells                   Type           Power      Damage    Failure   Level
 Necrotise                Necr           0%         1d4       100%        1
 Sting                    Tmut/Pois      0%         1d3       100%        1
 Summon Small Mammal      Summ           0%         N/A       100%        1
 Blink                    Tloc           0%         N/A       100%        2
 Poisonous Vapours        Pois/Air       0%         N/A       100%        2
 Lesser Beckoning         Tloc           0%         N/A       100%        3
 Ozocubu's Armour         Ice            0%         N/A       100%        3
 Stone Arrow              Conj/Erth      0%         3d7       100%        3
 Vampiric Draining        Necr           0%         2d6       100%        3
 Leda's Liquefaction      Hex/Erth       0%         N/A       100%        4
 Olgreb's Toxic Radiance  Pois           0%         N/A       100%        4
 Agony                    Necr           0%         N/A       100%        5
 Alistair's Intoxication  Tmut/Pois      0%         N/A       100%        5
 Borgnjor's Vile Clutch   Necr/Erth      0%         N/A       100%        5
 Manifold Assault         Tloc           0%         N/A       100%        5
 Eringya's Noxious Bog    Tmut/Pois      0%         N/A       100%        6
 Ozocubu's Refrigeration  Ice            0%         4d7       100%        7


Dungeon Overview and Level Annotations

Branches:
Dungeon (4/15)
 Temple: D:4-7

Altars:


Innate Abilities, Weirdness & Mutations

You have a pair of horns on your head.
You reflexively headbutt those who attack you in melee.


Message History

The orc hits you with a +0 whip.
The iguana moves out of view.
You barely miss the orc. Your headbutt misses the orc.
The orc hits you but does no damage.
You completely miss the orc. Your headbutt misses the orc.
The orc hits you but does no damage. The orc hits you with a +0 whip.
An orc wizard comes into view. It is wielding a +0 dagger.
You slash the orc!
You kill the orc!
The adder bites you but does no damage.
You slash the adder!
The adder is almost dead.
The adder bites you but does no damage.
The orc wizard casts a spell.
The orc wizard flickers and vanishes!
Deactivating autopickup; reactivate with Ctrl-A.
An orc priest comes into view. It is wielding a +0 flail.
The adder bites you.
You slash the adder!
You kill the adder!
You closely miss the orc. You block the orc's attack.
You hit the orc. You headbutt the orc.
You kill the orc!
You completely miss the ogre. You headbutt the ogre!
The ogre is heavily wounded.
The ogre hits you with a +0 giant club!!
Ouch! That really hurt!
* * * LOW HITPOINT WARNING * * *
You slash the ogre!
You kill the ogre!
You have reached level 5!
You hit the orc but do no damage. The orc hits you but does no damage.
You hit the orc. You headbutt the orc.
The orc is almost dead.
An orc comes into view. It is wielding a +0 falchion.
The orc hits you but does no damage.
An orc comes into view. It is wielding a +0 flail.
The orc shouts! x2
The orc priest calls down the wrath of Beogh upon you.
Beogh smites you!
You die...

####### .
..!....
.########
.......
##...#...##
[......
##.........#
.....
#........... ...
#.......([..
#.###o.!........
#.@.)o..........
######.o<.......
#....(.....
#...$.##...
...S..... ..
........###
..........#
..........#
...)......#


You could see an orc priest and 2 orcs.

Vanquished Creatures
  An ogre (D:4)
  An iguana (D:3)
  2 adders
  A worm (D:2)
  3 dart slugs
  3 orcs (D:4)
  2 endoplasms
  A giant cockroach (D:3)
  7 goblins
  5 hobgoblins
  3 jackals (D:2)
  A kobold (D:2)
  2 quokkas (D:1)
  5 ball pythons
  4 bats
  8 rats (D:1)
49 creatures vanquished.

Vanquished Creatures (others)
  4 toadstools (D:1)
4 creatures vanquished.

Grand Total: 53 creatures vanquished

Notes
Turn   | Place    | Note
-------+----------+-------------------------------------------
     0 | D:1      | Rambler the Minotaur Fighter began the quest for the Orb.
     0 | D:1      | Reached XP level 1. HP: 19/19 MP: 0/0
   212 | D:1      | Found a faded altar of an unknown god.
   249 | D:1      | Reached XP level 2. HP: 26/27 MP: 1/1
   968 | D:2      | Reached XP level 3. HP: 26/33 MP: 2/2
  1724 | D:3      | Got the Almanac of Helpful Metal
  2441 | D:3      | Reached XP level 4. HP: 18/41 MP: 3/3
  2666 | D:4      | Noticed an ogre
  2678 | D:4      | Killed an ogre
  2679 | D:4      | Reached XP level 5. HP: 9/47 MP: 4/4
  2681 | D:4      | Killed from afar by an orc priest

Illustrated notes

Levels and vault maps discovered:
D:1:      ldierk_water_garden, layout_loops_ring,
          chequers_ecumenical_altar_simple, minivault_14,
          ebering_dispersal_statue_hall, minmay_rat_gold_closets
D:2:      layout_basic
D:3:      layout_basic
D:4:      layout_rooms, minmay_temple_entry_proselytizer, serial_shops, shop,
          uniq_edmund, uniq_duvessa

Skill      XL: |  1  2 |
---------------+-------+-----
Shields        | 4 |  4.8
Fighting       | 4 |  4.8
Axes           | 3 |  3.9
Armour         | 4 |  4.8

Action                   |  1- 3 |  4- 6 || total
-------------------------+-------+-------++-------
Melee: War axe           |   125 |    20 ||   145
       Headbutt          |    13 |     3 ||    16
Armor: Scale mail        |    40 |       ||    40
       Plate armour      |    22 |    10 ||    32
Dodge: Dodged            |    47 |     1 ||    48
Block: Buckler           |    26 |     1 ||    27
